 Dungeon Crawl Stone Soup version 0.28-a0-794-gafe8c5f9e9 (webtiles) character file.

Game seed: 1985011574217675156

33 a11behringer the Conjurer (level 3, -6/26 HPs)
             Began as a Demigod Conjurer on Nov 6, 2021.
             Killed by divine providence
             ... invoked by an orc priest
              (11 damage)
             ... on level 2 of the Dungeon.
             The game lasted 00:06:21 (1438 turns).

a11behringer the Conjurer (Demigod Conjurer)        Turns: 1438, Time: 00:06:22

Health: -6/26      AC:  2    Str:  8    XL:     3   Next: 0%
Magic:  3/8        EV: 16    Int: 24    God:
Gold:   55         SH:  0    Dex: 12    Spells: 3/6 levels left

rFire   . . .      SeeInvis .   (no weapon)
rCold   . . .      Faith    .   (no shield)
rNeg    . . .      Spirit   .   a - +0 robe
rPois   .          Reflect  .   (no helmet)
rElec   .          Harm     .   (no cloak)
rCorr   .          Rampage  .   (no gloves)
Will    .....                   (no boots)
Stlth   ++........              (no amulet)
HPRegen 0.08/turn               c - +4 ring of evasion
MPRegen 0.11/turn               (no ring)

@: no status effects
A: high mp 1, forlorn
a: no special abilities


You were on level 2 of the Dungeon.
You visited 1 branch of the dungeon, and saw 2 of its levels.

You collected 55 gold pieces.

Inventory:

Armour
 a - a +0 robe (worn)
Jewellery
 c - a +4 ring of evasion (left hand)
Scrolls
 d - a scroll of identify
 e - a scroll of teleportation {unknown}
Potions
 b - a potion of curing {unknown}


   Skills:
 + Level 2.0 Dodging
 + Level 2.0 Stealth
 + Level 2.0 Spellcasting
 + Level 4.3 Conjurations


You had 3 spell levels left.
You knew the following spells:

 Your Spells              Type           Power      Damage    Failure   Level
a - Magic Dart            Conj           92%        1d7       1%          1
b - Searing Ray           Conj           46%        2d6       3%          2

Your spell library contained the following spells:

 Spells                   Type           Power      Damage    Failure   Level
 Dazzling Flash           Conj/Hex       24%        N/A       16%         3
 Ensorcelled Hibernation  Hex/Ice        4%         N/A       19%         2
 Tukima's Dance           Hex            2%         N/A       34%         3
 Fulminant Prism          Conj/Hex       6%         3d7       45%         4
 Iskenderun's Mystic Bla  Conj/Tloc      12%        2d5       45%         4


Dungeon Overview and Level Annotations

Branches:
Dungeon (2/15)


Innate Abilities, Weirdness & Mutations

Your attributes grow dramatically as you level up.
You have an increased reservoir of magic. (+10% MP)
You shall have no god before yourself.


Message History

Casting: Magic Dart (safe; 1% risk of failure)
Confirm with . or Enter, or press ? or * to list all spells.
Aiming: Magic Dart (safe; 1% risk of failure)
Press: ? - help, Shift-Dir - straight line, f/p - orc priest
Aim: an orc priest, wielding a +0 war axe and wearing a +0 leather armour (moderately wounded, 100% to hit)
The magic dart hits the orc priest but does no damage.
The orc priest is moderately wounded.
The orc priest calls down the wrath of Beogh upon you.
Pain shoots through your body!
Casting: Magic Dart (safe; 1% risk of failure)
Confirm with . or Enter, or press ? or * to list all spells.
Aiming: Magic Dart (safe; 1% risk of failure)
Press: ? - help, Shift-Dir - straight line, f/p - orc priest
Aim: an orc priest, wielding a +0 war axe and wearing a +0 leather armour (moderately wounded, 100% to hit)
The magic dart hits the orc priest.
The orc priest is heavily wounded.
The rat barely misses you.
Casting: Magic Dart (safe; 1% risk of failure)
Confirm with . or Enter, or press ? or * to list all spells.
Aiming: Searing Ray (safe; 3% risk of failure)
Press: ? - help, Shift-Dir - straight line, f/p - orc priest
Aim: an orc priest, wielding a +0 war axe and wearing a +0 leather armour (heavily wounded, 78% to hit)
The searing ray hits the orc priest.
The orc priest is severely wounded. (Press . to maintain the ray.)
The orc priest begins to cast a cantrip, but forgets the words!
The rat bites you but does no damage. The rat completely misses you.
You open the door. The rat bites you but does no damage.
The orc priest invokes the aid of Beogh against you.
Pain shoots through your body!
There is an open door here.
The orc priest mumbles some strange prayers to Beogh against you.
Beogh smites you!
* * * LOW HITPOINT WARNING * * *
The orc priest miscasts a cantrip.
The rat barely misses you.
The orc priest calls down the wrath of Beogh upon you.
Beogh smites you!
You die...

######## ####......##
########..'.......#
#.........#.......#
#.........#..†....# .#
#.........'.......#
.##############.....o...#.......#
.#.........>..+..r......+........
.#.########.###.@.......#.......#
.#.########.###.........#.......#
.#.#......(...............#####.#
.#.#.######.##.#<###+###### #..
...#.# #.##.#.###.############
.###.######...)......÷...........
.#..........##.#.###.#.########.#
.#.#.######.##.#.# #.#........#.#
.#...#...<#.##.#.###.########.#.#


You could see an orc priest and a rat.

Vanquished Creatures
  A worm (D:2)
  2 orcs (D:2)
  3 ball pythons
  5 bats
  3 endoplasms (D:1)
  A giant cockroach (D:1)
  4 hobgoblins
  2 kobolds (D:1)
  4 rats
25 creatures vanquished.

Notes
Turn   | Place    | Note
-------+----------+-------------------------------------------
     0 | D:1      | a11behringer the Demigod Conjurer began the quest for the
                  | Orb.
     0 | D:1      | Reached XP level 1. HP: 14/14 MP: 5/5
   238 | D:1      | Reached skill level 4 in Conjurations
   298 | D:1      | Reached XP level 2. HP: 20/20 MP: 5/7
   789 | D:1      | Learned a level 2 spell: Searing Ray
  1358 | D:2      | Reached XP level 3. HP: 26/26 MP: 5/8
  1438 | D:2      | Killed from afar by an orc priest

Illustrated notes

Levels and vault maps discovered:
D:1:      saegor_arrival_simple_e, layout_rooms,
          shapermc_ecumenical_altar_totnotflames
D:2:      layout_basic

Skill      XL: |  1  2 |
---------------+-------+-----
Conjurations   | 4 |  4.3
Dodging        | 2 |  2.0
Stealth        | 2 |  2.0
Spellcasting   | 2 |  2.0

Action                   || total
-------------------------++-------
 Cast: Magic Dart        ||    55
       Searing Ray       ||     5
  Use: Scroll            ||     2
Armor: Robe              ||     3
Dodge: Dodged            ||     9

Table legend: (Time is in decaauts)
 A = Elapsed time spent in this place.
 B = Non-inter-level travel time spent in this place.
 C = Inter-level travel time spent in this place.
 D = Time resting spent in this place.
 E = Time spent auto-exploring this place.
 F = Levels seen in this place.
 G = Mean time per level.
                   A        B        C        D        E       F      G
               +--------+--------+--------+--------+--------+-----+--------+
         Total |   1437 |   1409 |     28 |      0 |   1209 |   2 |  718.5 |
       Dungeon |   1437 |   1409 |     28 |      0 |   1209 |   2 |  718.5 |
               +--------+--------+--------+--------+--------+-----+--------+

Top non-repeatable levels by time:
     D:1: 794 daAuts
     D:2: 642 daAuts
